 Dungeon Crawl Stone Soup version 0.18.1-48-g4cf74bf (webtiles) character file.

1089 MTVSty1e the Skirmisher (level 8, -1/67 HPs)
             Began as a Formicid Earth Elementalist on July 30, 2016.
             Was an Initiate of the Shining One.
             Killed from afar by Dowan (6 damage)
             ... with a puff of flame
             ... on level 6 of the Dungeon.
             The game lasted 00:19:04 (6007 turns).

MTVSty1e the Skirmisher (FoEE)                      Turns: 6007, Time: 00:19:05

Health: -1/67      AC: 13    Str: 12 (14) XL:     8   Next: 56%
Magic:  10/10      EV:  8    Int: 17 (20) God:    the Shining One [......]
Gold:   200        SH:  0    Dex:  9 (11) Spells: 2 memorised, 7 levels left

rFire  x . .     SeeInvis +     f - +0 dagger
rCold  + + .     Gourm    .     v - +0 ice dragon armour
rNeg   . . .     Faith    .     (no shield)
rPois  .         Spirit   .     (helmet unavailable)
rElec  .         Dismiss  .     g - +0 cloak
rCorr  .         Reflect  .     r - +0 pair of gloves
SustAt .         Harm     .     (no boots)
MR     .....                    (no amulet)
Stlth  ..........               (no ring)
                                x - ring of flight

@: very slightly contaminated, glowing, not resistant to hostile enchantments,
extremely unstealthy
A: permanent stasis, dig shafts and tunnels, four strong arms, antennae 3,
clever 2, deterioration 1, low mp 1, wild magic 1, MP-powered wands
a: Dig, Shaft Self, Renounce Religion, Evoke Flight


You were on level 6 of the Dungeon.
You worshipped the Shining One.
The Shining One was noncommittal.
You were not hungry.

You visited 2 branches of the dungeon, and saw 7 of its levels.

You collected 200 gold pieces.

Inventory:

Hand Weapons
 f - a +0 dagger (weapon)
Missiles
 b - 181 stones (quivered)
Armour
 a - a +0 robe
 g - a +0 cloak (worn)
 r - a +0 pair of gloves (worn)
 v - a +0 ice dragon armour (worn)
Jewellery
 x - a ring of flight (left hand)
Wands
 q - a wand of slowing (37/48)
Scrolls
 h - a scroll of noise
 i - a scroll of recharging
 l - a scroll of amnesia
 m - a scroll of enchant weapon
 n - a scroll of teleportation
 s - 2 scrolls of remove curse
 w - 2 scrolls of identify
Potions
 o - 2 potions of haste
Books
 c - a book of Geomancy

   Spells                             Type                      Level
   a - Sandblast                      Earth                        1
   b - Passwall                       Transmutation/Earth          2
   c - Stone Arrow                    Conjuration/Earth            3
   d - Petrify                        Transmutation/Earth          4
   e - Lee's Rapid Deconstruction     Earth                        5
Comestibles
 d - 2 bread rations
 j - 4 fruits
 k - a beef jerky
 p - a royal jelly


   Skills:
 * Level 7.3 Fighting
 + Level 2.7 Short Blades
 + Level 5.9 Armour
 * Level 1.8 Dodging
 - Level 2.4 Stealth
 + Level 0.4 Unarmed Combat
 * Level 2.2 Spellcasting
   Level 1.1 Transmutations
 * Level 3.7 Earth Magic
 * Level 0.2 Invocations


You had 7 spell levels left.
You knew the following spells:

 Your Spells              Type           Power        Failure   Level  Hunger
a - Sandblast             Erth           ###...       36%         1    #......
b - Stone Arrow           Conj/Erth      ##....       99%         3    ###....


Dungeon Overview and Level Annotations

Branches:
Dungeon (6/15)             Temple (1/1) D:5

Altars:
Ashenzari
Cheibriados
Dithmenos
Elyvilon
Fedhas
Makhleb
Pakellas
Ru
Sif Muna
Trog
Vehumet
Zin
The Shining One

Shops:
D:4 (

Annotations:
D:6 Dowan, Duvessa


Innate Abilities, Weirdness & Mutations

You are under a permanent stasis effect.
You can dig through walls and to a lower floor.
Your four strong arms can wield two-handed weapons with a shield.
You have a pair of large antennae on your head (SInv).
Your mind is very acute. (Int +4)
Your body sometimes deteriorates upon taking damage.
Your magical capacity is low (-10% MP).
Your spells are a little harder to cast, but a little more powerful.
You expend magic power (3 MP) to strengthen your wands.


Message History

Duvessa is moderately wounded.
Dowan hits you but does no damage.
You hit Duvessa but do no damage.
Duvessa is moderately wounded.
Duvessa closely misses you.
Dowan gestures wildly while chanting.
Dowan blinks!
You hit Duvessa but do no damage.
Duvessa is moderately wounded.
Duvessa hits you with a rapier.
* * * LOW HITPOINT WARNING * * *
You hit Duvessa but do no damage.
Duvessa is moderately wounded.
Duvessa hits you but does no damage.
You hit Duvessa but do no damage.
Duvessa is moderately wounded.
Duvessa barely misses you.
Dowan points at you and mumbles some strange words.
The puff of flame hits you! The fire burns you terribly!
You die...

...........#
#####.####.# #.#
#.# #.# #.# #>#
#.# #.# #.# #.#
#.# # #.#
#.#######e#
#.####....Se@..#
#......#########
#####..# #..#
#.e# #..# #..#
##..# #...#


You could see Duvessa, Dowan and an adder.

Vanquished Creatures
  Pikel (D:4)
  Grinder (D:4)
  3 slaves
  A phantom (D:5)
  A centaur (D:4)
  2 hounds
  A worker ant (D:5)
  A hound skeleton (D:4)
  A howler monkey skeleton (D:4)
  7 adders
  A shadow imp (D:5)
  An ooze (D:2)
  An adder zombie (D:5)
  3 dart slugs
  3 giant geckos
  9 orcs
  9 bats
  3 giant cockroaches
  7 goblins
  8 hobgoblins
  6 kobolds
  A quokka (D:2)
  3 ball pythons
  7 giant newts
  8 rats
89 creatures vanquished.

Vanquished Creatures (others)
  A giant cockroach (D:4)
1 creature vanquished.

Grand Total: 90 creatures vanquished

Notes
Turn   | Place    | Note
--------------------------------------------------------------
     0 | D:1      | MTVSty1e the Formicid Earth Elementalist began the quest for the Orb.
     0 | D:1      | Reached XP level 1. HP: 13/13 MP: 3/3
   387 | D:1      | Reached skill level 1 in Fighting
   387 | D:1      | Reached XP level 2. HP: 15/21 MP: 5/5
   812 | D:1      | Reached skill level 2 in Fighting
   887 | D:1      | Reached XP level 3. HP: 16/27 MP: 6/6
  1861 | D:2      | Reached skill level 3 in Fighting
  1861 | D:2      | Reached XP level 4. HP: 30/35 MP: 7/7
  1872 | D:2      | Found a white marble altar of Elyvilon.
  1885 | D:2      | Reached skill level 1 in Short Blades
  2415 | D:3      | Found a shadowy altar of Dithmenos.
  2518 | D:3      | Found a shattered altar of Ashenzari.
  2527 | D:3      | Reached skill level 4 in Fighting
  2527 | D:3      | Reached XP level 5. HP: 29/42 MP: 5/8
  2601 | D:3      | Found a deep blue altar of Sif Muna.
  2752 | D:3      | You fall through a shaft for 2 floors!
  2752 | D:5      | Entered Level 5 of the Dungeon
  2807 | D:4      | Noticed Pikel
  2807 | D:4      | Noticed a slave
  2807 | D:4      | Noticed a slave
  2807 | D:4      | Noticed a slave
  2807 | D:4      | Noticed a slave
  2820 | D:5      | Gained mutation: You expend magic power (3 MP) to strengthen your wands. [potion of mutation]
  2820 | D:5      | Gained mutation: Your spells are a little harder to cast, but a little more powerful. [potion of mutation]
  2820 | D:5      | Gained mutation: Your body sometimes deteriorates upon taking damage. [potion of mutation]
  2842 | D:5      | Killed a slave
  2865 | D:5      | Killed a slave
  3744 | D:4      | Found Noozar's Weapon Shop.
  3744 | D:4      | Noticed a centaur
  3760 | D:4      | Killed a centaur
  3760 | D:4      | Reached skill level 5 in Fighting
  3760 | D:4      | Reached skill level 1 in Armour
  3760 | D:4      | Reached XP level 6. HP: 16/51 MP: 5/9
  4069 | D:4      | HP: 1/51 [Pikel/whip of freezing (4)]
  4072 | D:4      | Killed Pikel
  4072 | D:4      | Reached skill level 6 in Fighting
  4072 | D:4      | Reached XP level 7. HP: 2/59 MP: 3/10
  4072 | D:4      | Reached XP level 8. HP: 2/65 MP: 3/11
  4463 | D:4      | Noticed Grinder
  4494 | D:4      | Killed Grinder
  4494 | D:4      | Reached skill level 7 in Fighting
  4494 | D:4      | Reached skill level 5 in Armour
  4600 | D:4      | Gained mutation: Your magical capacity is low (-10% MP). [potion of mutation]
  4600 | D:4      | Gained mutation: Your mind is acute. (Int +2) [potion of mutation]
  4600 | D:4      | Gained mutation: Your mind is very acute. (Int +4) [potion of mutation]
  4772 | D:4      | Found a burning altar of Makhleb.
  5030 | D:3      | Found a snail-covered altar of Cheibriados.
  5385 | D:5      | Found a staircase to the Ecumenical Temple.
  5395 | Temple   | Entered the Ecumenical Temple
  5429 | Temple   | Became a worshipper of the Shining One
  5439 | Temple   | Learned a level 3 spell: Stone Arrow
  5867 | D:6      | Noticed Duvessa
  5868 | D:6      | Noticed Dowan
  6007 | D:6      | Killed from afar by Dowan

Skill      XL: |  1  2  3  4  5  6  7  8 |
---------------+-------------------------+-----
Fighting       | 1 2 3 4 5 6 7 |  7.3
Short Blades   | 1 2 |  2.7
Armour         | 1 4 5 |  5.9
Dodging        | |  1.8
Stealth        | |  2.4
Unarmed Combat | |  0.4
Spellcasting   | |  2.2
Transmutations | |  1.1
Earth Magic    | |  3.7
Invocations    | |  0.2

Action                   |  1- 3 |  4- 6 |  7- 9 || total
-------------------------+-------+-------+-------++-------
Melee: Dagger            |   112 |   189 |   305 ||   606
       Unarmed           |    14 |       |       ||    14
Throw: Stone             |     3 |       |       ||     3
 Cast: Sandblast         |     2 |    17 |    13 ||    32
 Abil: Dig               |     3 |       |       ||     3
  Use: Potion            |       |     5 |     3 ||     8
       Scroll            |       |     1 |     8 ||     9
 Stab: Sleeping          |     3 |     1 |       ||     4
  Eat: Bread ration      |     1 |     2 |       ||     3
       Meat ration       |       |       |     1 ||     1
Armor: Robe              |    19 |    24 |       ||    43
       Ice dragon armour |       |   136 |   176 ||   312
Dodge: Dodged            |    87 |   126 |   117 ||   330
